 Dungeon Crawl Stone Soup version 0.19.1 (webtiles) character file.

150 loralnil the Insei (level 5, -3/28 HPs)
             Began as a Vine Stalker Monk on Dec 11, 2016.
             Killed from afar by an orc wizard (5 damage)
             ... with a magic dart
             ... on level 4 of the Dungeon.
             The game lasted 00:04:43 (2033 turns).

loralnil the Insei (Vine Stalker Monk)              Turns: 2033, Time: 00:04:44

Health: -3/28      AC:  5    Str: 13    XL:     5   Next: 32%
Magic:  0/6        EV: 14    Int: 10    God:
Gold:   154        SH:  0    Dex: 16    Spells: 0 memorised, 4 levels left

rFire  . . .     SeeInvis .       - Unarmed
rCold  . . .     Gourm    .     a - +0 robe
rNeg   . . .     Faith    .     (no shield)
rPois  .         Spirit   +     e - +1 hat
rElec  .         Reflect  .     (no cloak)
rCorr  .         Harm     .     g - +1 pair of gloves
MR     .....                    (no boots)
Stlth  +++.......               (no amulet)
                                (no ring)
                                l - -2 ring of strength (curse)

@: slowed, very slow
A: fangs 2, regeneration 1, magic shield, antimagic bite, no device heal 3, rot
immunity
a: no special abilities


You were on level 4 of the Dungeon.
You were not hungry.

You visited 1 branch of the dungeon, and saw 4 of its levels.

You collected 154 gold pieces.

Inventory:

Armour
 a - a +0 robe (worn)
 e - a +1 hat (worn)
 g - a +1 pair of gloves (worn)
Jewellery
 l - a cursed -2 ring of strength (left hand)
Scrolls
 j - a scroll of remove curse {unknown}
 k - a scroll of immolation
Potions
 c - a potion of agility
 d - 3 potions of curing
 f - 2 potions of mutation {unknown}
 h - a potion of flight {unknown}
 i - a potion of heal wounds {unknown}
 n - a potion of might {unknown}
Comestibles
 b - 3 bread rations
 m - a chunk of flesh


   Skills:
 + Level 3.1 Fighting
 + Level 3.2 Dodging
 + Level 3.9 Stealth
 + Level 4.2 Unarmed Combat


You had 4 spell levels left.
You didn't know any spells.

Dungeon Overview and Level Annotations

Branches:
Dungeon (4/15)
 Temple: D:4-7

Altars:
Hepliaklqana

Annotations:
D:3 Philosophy's ghost, amateur FoFi


Innate Abilities, Weirdness & Mutations

You have extremely sharp teeth.
Your natural rate of healing is unusually fast.
When hurt, damage is shared between your health and your magic reserves.
Your bite disrupts and absorbs the magic of your enemies.
Potions and wands cannot restore your health.
You are immune to rotting.


Message History

The orc hits you but does no damage.
The orc wizard mumbles some strange words.
The orc wizard seems to speed up.
You barely miss the orc priest.
The orc priest is lightly wounded.
The orc priest hits you.
* * * LOW HITPOINT WARNING * * *
The orc misses you.
Unknown command.
You hit the orc priest but do no damage.
The orc priest is lightly wounded.
The orc priest closely misses you. The orc closely misses you.
The orc wizard casts a spell at you.
You feel yourself slow down.
You hit the orc priest but do no damage.
Your bite misses the orc priest.
The orc priest is lightly wounded.
The orc wizard gestures at you while chanting.
The magic dart hits you!
You die...

.####.....#.......#
##..#........##
#.....#.#####
#.###.#.# #.......#
####...## #...#
#.o.##### #@).o.[.?
#o..####. ......!
..........
...........
####<..####. #....
#.[.##


You could see an orc priest, an orc wizard and an orc.

Vanquished Creatures
  A hound (D:3)
  An orc priest (D:4)
  3 adders (D:2)
  An adder skeleton (D:2)
  A worm (D:2)
  4 dart slugs
  2 leopard geckos (D:2)
  4 orcs (D:3)
  A bat skeleton (D:2)
  A giant cockroach (D:1)
  5 goblins
  3 hobgoblins
  4 jackals (D:2)
  2 quokkas (D:2)
  4 bats
  A frilled lizard (D:2)
  6 kobolds
  4 rats
48 creatures vanquished.

Notes
Turn   | Place    | Note
-------+----------+-------------------------------------------
     0 | D:1      | loralnil the Vine Stalker Monk began the quest for the Orb.
     0 | D:1      | Reached XP level 1. HP: 11/11 MP: 2/2
   173 | D:1      | Reached XP level 2. HP: 13/16 MP: 3/3
   766 | D:2      | Found a hazy altar of Hepliaklqana.
   860 | D:2      | Reached XP level 3. HP: 5/20 MP: 2/4
   867 | D:2      | HP: 1/20 [kobold (2)]
  1387 | D:2      | Gained mutation: Your natural rate of healing is unusually fast. [Vine Stalker growth]
  1387 | D:2      | Reached XP level 4. HP: 23/24 MP: 5/5
  1923 | D:3      | Reached skill level 4 in Unarmed Combat
  1923 | D:3      | Reached XP level 5. HP: 17/28 MP: 4/6
  1967 | D:3      | Noticed Philosophy's ghost (amateur FoFi)
  2031 | D:4      | HP: 1/28 [orc priest (3)]
  2033 | D:4      | Killed from afar by an orc wizard

Skill      XL: |  1  2  3  4 |
---------------+-------------+-----
Fighting       | 3 |  3.1
Stealth        | 3 |  3.9
Dodging        | 3 |  3.2
Unarmed Combat | 4 |  4.2

Action                   |  1- 3 |  4- 6 || total
-------------------------+-------+-------++-------
Melee: Unarmed           |    98 |    97 ||   195
       Bite              |    27 |    35 ||    62
       Punch             |     1 |     3 ||     4
  Use: Scroll            |     5 |       ||     5
       Potion            |     1 |       ||     1
 Stab: Sleeping          |     5 |     2 ||     7
       Distracted        |       |     1 ||     1
  Eat: Chunk             |     1 |     3 ||     4
Armor: Robe              |    34 |    25 ||    59
Dodge: Dodged            |   118 |    81 ||   199
